 Dungeon Crawl Stone Soup version 0.28-a0-1389-gc726bef33b (webtiles) character file.

Game seed: 17248784032498602749

1078 ChaosChampion the Insei (level 8, 0/54 HPs)
             Began as an Octopode Transmuter on Jan 3, 2022.
             Slain by a goblin (3 damage)
             ... led by Robin
             ... on level 4 of the Dungeon.
             The game lasted 00:05:29 (5175 turns).

ChaosChampion the Insei (Octopode Transmuter)       Turns: 5175, Time: 00:05:30

Health: 0/54       AC:  1    Str: 10    XL:     8   Next: 29%
Magic:  6/11       EV: 14    Int: 17    God:
Gold:   159        SH:  0    Dex: 12    Spells: 5/11 levels left

rFire   . . .      SeeInvis .     - Unarmed
rCold   . . .      Faith    .   (no shield)
rNeg    . . .      Spirit   .   (helmet restricted)
rPois   .          Reflect  .   (no amulet)
rElec   .          Harm     .   (no ring)
rCorr   .          Rampage  .   (no ring)
Will    .....                   (no ring)
Stlth   ++........              (no ring)
HPRegen 0.18/turn               (no ring)
MPRegen 0.12/turn               (no ring)
                                (no ring)
                                (no ring)

@: lethally poisoned (0 -> -15), wereblooded
A: almost no armour, amphibious, 8 rings, camouflage 1, gelatinous body 1,
(nimble swimmer 1), tentacles
a: no special abilities


You were on level 4 of the Dungeon.
You visited 1 branch of the dungeon, and saw 4 of its levels.

You collected 159 gold pieces.

Inventory:

Missiles
 f - 15 poisoned darts (quivered)
Jewellery
 b - the ring of Wishful Thinking {rCorr Str+3 Int+2}
   (You found it on level 4 of the Dungeon)

   [ring of resist corrosion]

   Str:       It affects your strength (+3).
   Int:       It affects your intelligence (+2).
   rCorr:     It protects you from acid and corrosion.
Wands
 d - a wand of acid (8)
Scrolls
 a - a scroll of fear
 c - 2 scrolls of teleportation
Potions
 e - a potion of mutation {unknown}
 g - a potion of cancellation {unknown}
 h - a potion of lignification {unknown}


   Skills:
 + Level 4.2 Fighting
 + Level 4.5 Dodging
 * Level 6.6 Unarmed Combat
 - Level 2.0 Spellcasting
 + Level 4.5 Transmutations


You had 5 spell levels left.
You knew the following spells:

 Your Spells              Type           Power      Damage    Failure   Level
a - Beastly Appendage     Tmut           34%        N/A       3%          1
b - Wereblood             Tmut           17%        N/A       4%          2
c - Spider Form           Tmut/Pois      9%         N/A       22%         3

Your spell library contained the following spells:

 Spells                   Type           Power      Damage    Failure   Level
 Magic Dart               Conj           4%         1d3       19%         1
 Blink                    Tloc           2%         N/A       28%         2
 Searing Ray              Conj           2%         2d4       28%         2
 Gell's Gravitas          Tloc           1%         N/A       50%         3
 Teleport Other           Tloc           1%         N/A       50%         3
 Ice Form                 Ice/Tmut       9%         N/A       58%         4
 Fulminant Prism          Conj/Hex       0%         3d6       88%         4
 Manifold Assault         Tloc           1%         N/A       99%         5
 Dispersal                Tloc           0%         N/A       100%        6
 Storm Form               Tmut/Air       4%         N/A       100%        7
 Disjunction              Tloc           0%         N/A       100%        8


Dungeon Overview and Level Annotations

Branches:
Dungeon (4/15)
 Temple: D:4-7

Altars:
Hepliaklqana
Makhleb
Vehumet
Wu Jian
Zin

Shops:
D:4 *

Annotations:
D:4 Robin


Innate Abilities, Weirdness & Mutations

You cannot wear most types of armour.
You are amphibious.
You can wear up to eight rings at the same time.
Your skin changes colour to match your surroundings (Stealth+).
Your rubbery body absorbs attacks. (AC +1, EV +1)
((You are camouflaged when in or above water. (Stealth+)))
You have tentacles for arms and can constrict up to eight enemies at once.


Message History

A goblin comes into view. It is wielding a +0 club.
The goblin unwields a +0 hunting sling.
The goblin wields a +0 club.
The goblin hits you with a +0 club.
A goblin comes into view. It is wielding a +0 dagger.
You hiss as the wereblood boils in your veins!
You bite the goblin!
You feel a bit better.
You kill the goblin!
You bite the goblin!
You feel a bit better.
You kill the goblin!
Robin throws the goblin at you!
You hit the goblin but do no damage.
The goblin is poisoned.
The goblin completely misses you.
The goblin hits you with a +2 dagger of venom.
You are lethally poisoned!
You barely miss the goblin.
The goblin is heavily wounded.
You feel extremely sick.
You feel a bit better.
You kill the goblin!
A goblin comes into view. It is wielding a +0 dagger.
Robin throws the goblin at you! The goblin completely misses you.
The goblin misses you.
You closely miss the goblin.
You feel very sick.
Robin points. "Kill!"
The goblin hits you with a +2 dagger of venom.
You are too injured to fight recklessly!
* * * LOW HITPOINT WARNING * * *
You feel very sick. The goblin hits you with a +0 club.
* * * LOW HITPOINT WARNING * * *
A goblin comes into view. It is wielding a +0 club.
Robin roars a battlecry!
Things that are here:
a +0 club; a +0 chain mail Your transformation has ended.
* * * LOW HITPOINT WARNING * * *
You feel very sick. The goblin hits you with a +0 club.
You die...

##### #...###..##.....
#...# #.#.....(##.....
#.#.# #.#..###)##.....
#.#.# #^.......##.....
#.#.######.##..##.....
#.#.....##..#..##.....
#.#..##.###.#..#######
#|#...#.###...)#
#.##.@#....#...#
#...g)####.#...#
#####g# #.#...#
####)## #..<..#
#..gg.# ####..#
#....g# ..# #.....#
#.# #....g#
#.......g.#


You could see Robin, a hobgoblin (strong) and 4 goblins.

Vanquished Creatures
  Pikel (D:4)
  Sigmund (D:2)
  A black bear (D:3)
  A necrophage (D:4)
  2 lemures (D:4)
  A hound (D:4)
  A centaur skeleton (D:4)
  2 iguanas (D:4)
  4 adders
  A shadow imp (D:3)
  A worm (D:2)
  A dart slug (D:1)
  3 orcs (D:3)
  8 ball pythons
  10 endoplasms
  2 giant cockroaches (D:1)
  13 goblins
  14 hobgoblins
  4 jackals
  5 quokkas
  8 bats
  4 frilled lizards
  9 kobolds
  5 rats
102 creatures vanquished.

Vanquished Creatures (others)
  A fungus (D:4)
1 creature vanquished.

Grand Total: 103 creatures vanquished

Notes
Turn   | Place    | Note
-------+----------+-------------------------------------------
     0 | D:1      | ChaosChampion the Octopode Transmuter began the quest for
                  | the Orb.
     0 | D:1      | Reached XP level 1. HP: 13/13 MP: 3/3
   464 | D:1      | Reached XP level 2. HP: 17/18 MP: 3/5
   817 | D:1      | Reached XP level 3. HP: 15/23 MP: 4/6
  1211 | D:1      | Found a faded altar of an unknown god.
  1262 | D:1      | Learned a level 2 spell: Wereblood
  1582 | D:1      | Learned a level 3 spell: Spider Form
  1808 | D:2      | Noticed Sigmund
  2055 | D:2      | Killed Sigmund
  2056 | D:2      | Reached skill level 4 in Unarmed Combat
  2056 | D:2      | Reached XP level 4. HP: 16/30 MP: 1/7
  2056 | D:2      | Reached XP level 5. HP: 18/35 MP: 1/8
  2239 | D:2      | Found a hazy altar of Hepliaklqana.
  2417 | D:2      | Reached XP level 6. HP: 41/41 MP: 7/9
  2913 | D:3      | Found a burning altar of Makhleb.
  3668 | D:3      | Noticed a black bear
  3682 | D:3      | Killed a black bear
  3683 | D:3      | Reached skill level 5 in Unarmed Combat
  3984 | D:4      | Found a glowing silver altar of Zin.
  3984 | D:4      | Found Zin's Purification Station.
  4032 | D:4      | Noticed a necrophage
  4043 | D:4      | Killed a necrophage
  4044 | D:4      | Reached XP level 7. HP: 33/46 MP: 5/10
  4425 | D:4      | Identified the ring of Wishful Thinking {rCorr Str+3 Int+2}
  4477 | D:4      | Found an ornate altar of the Wu Jian Council.
  4482 | D:4      | Noticed Pikel
  4929 | D:4      | Killed Pikel
  4930 | D:4      | Reached skill level 6 in Unarmed Combat
  4930 | D:4      | Reached XP level 8. HP: 28/54 MP: 4/11
  5147 | D:4      | Found a radiant altar of Vehumet.
  5149 | D:4      | Noticed Robin
  5175 | D:4      | Slain by a goblin

Illustrated notes

Levels and vault maps discovered:
D:1:      dpeg_arrival_chambers_temple_mockup, layout_loops_ring,
          ebering_ecumenical_altar_webs, minmay_tall_x
D:2:      layout_rooms, basic_altar, uniq_sigmund
D:3:      layout_basic, mainiacjoe_overflow_six_doors_small,
          minmay_divided_ellipse
D:4:      layout_basic, mainiacjoe_overflow_tiny_flanked, amcnicky_altar_gilded,
          zin_purify, uniq_robin, uniq_pikel

Skill      XL: |  1  2  3  4  5  6  7 |
---------------+----------------------+-----
Fighting       | 2 3 4 |  4.2
Dodging        | 3 4 |  4.5
Unarmed Combat | 4 5 6 |  6.6
Transmutations | 3 4 |  4.5
Spellcasting   | |  2.0

Action                   |  1- 3 |  4- 6 |  7- 9 || total
-------------------------+-------+-------+-------++-------
Melee: Unarmed           |    74 |   111 |    54 ||   239
       Kick              |    15 |     3 |       ||    18
       Constrict         |    16 |    20 |     1 ||    37
       Tentacles         |    10 |    14 |     3 ||    27
       Punch             |     2 |     1 |     2 ||     5
 Cast: Beastly Appendage |    19 |     6 |       ||    25
       Spider Form       |     2 |     4 |     8 ||    14
       Wereblood         |       |     6 |     2 ||     8
  Use: Scroll            |       |     6 |       ||     6
 Stab: Sleeping          |     5 |     4 |       ||     9
Armor: Skin              |     6 |     9 |     2 ||    17
Dodge: Dodged            |    42 |    95 |    54 ||   191

Table legend: (Time is in decaauts)
 A = Elapsed time spent in this place.
 B = Non-inter-level travel time spent in this place.
 C = Inter-level travel time spent in this place.
 D = Time resting spent in this place.
 E = Time spent auto-exploring this place.
 F = Levels seen in this place.
 G = Mean time per level.
                   A        B        C        D        E       F      G
               +--------+--------+--------+--------+--------+-----+--------+
         Total |   5157 |   4950 |    207 |    300 |   3860 |   4 | 1289.2 |
       Dungeon |   5157 |   4950 |    207 |    300 |   3860 |   4 | 1289.2 |
               +--------+--------+--------+--------+--------+-----+--------+

Top non-repeatable levels by time:
     D:1: 1824 daAuts
     D:3: 1412 daAuts
     D:2: 982 daAuts
     D:4: 938 daAuts
